 Dungeon Crawl Stone Soup version 0.21.1-1-g345015f (webtiles) character file.

89499 diana the Grappler (level 15, -1/119 HPs)
             Began as a Demonspawn Gladiator on June 18, 2018.
             Was the Champion of Okawaru.
             Killed by divine providence
             ... invoked by a meliai
              (10 damage)
             ... on level 14 of the Dungeon.
             The game lasted 01:17:14 (25442 turns).

diana the Grappler (Demonspawn Gladiator)          Turns: 25442, Time: 01:17:16

Health: -1/119     AC: 22    Str: 23    XL:     15   Next: 49%
Magic:  23/23      EV: 24    Int:  4    God:    Okawaru [******]
Gold:   1849       SH: 15    Dex: 26    Spells: 12/24 levels left

rFire    . . .     SeeInvis .     - Unarmed
rCold    . . .     Gourm    .   w - +0 shield
rNeg     + . .     Faith    .   b - +7 chain mail "Yprij" {rN+ Str+4}
rPois    .         Spirit   .   v - +0 hat
rElec    .         Reflect  .   V - scarf {repulsion}
rCorr    .         Harm     .   (no gloves)
MR       +....     Clarity  +   (boots unavailable)
Stlth    +.........             p - amulet of Liclec {RegenMP Int-5 Dex+3}
HPRegen  1.69/turn              s - +3 ring of evasion
MPRegen  0.43/turn              R - +4 ring of dexterity

@: heroism, flying, repel missiles
A: antennae 1, hooves 3, slimy green scales 1, agile 1, blurry vision 1,
clarity, foul stench 2, powered by death 1, regeneration 1, wild magic 1,
evolution 1, rot immunity
a: Heroism, Finesse, Renounce Religion


You were on level 14 of the Dungeon.
You worshipped Okawaru.
Okawaru was exalted by your worship.
You were near starving.

You visited 4 branches of the dungeon, and saw 23 of its levels.

You collected 2029 gold pieces.
You spent 180 gold pieces at shops.

Inventory:

Missiles
 G - 6 silver tomahawks (quivered)
 H - 4 steel javelins
Armour
 b - the +7 chain mail "Yprij" (worn) {rN+ Str+4}
   (You bought it in a shop on level 2 of the Orcish Mines)

   It affects your strength (+4).
   It protects you from negative energy.
 v - a +0 hat (worn)
 w - a +0 shield (worn)
 V - a scarf of repulsion (worn)
Jewellery
 f - an uncursed ring of protection from magic
 p - the amulet of Liclec (around neck) {RegenMP Int-5 Dex+3}
   (You found it on level 7 of the Dungeon)

   [amulet of magic regeneration]

   It increases your magic regeneration.
   It affects your intelligence (-5).
   It affects your dexterity (+3).
 s - a +3 ring of evasion (left hand)
 K - an uncursed ring of resist corrosion
 R - a +4 ring of dexterity (right hand)
Wands
 e - a wand of acid (13)
 n - a wand of random effects (61)
 x - a wand of digging (14)
 T - a wand of polymorph (16)
Scrolls
 a - 4 scrolls of enchant armour
 i - 8 scrolls of teleportation
 k - 4 scrolls of identify
 l - a scroll of immolation
 m - 3 scrolls of amnesia
 o - a scroll of magic mapping {unknown}
 q - 4 scrolls of fear
 u - 14 scrolls of remove curse
 B - a scroll of enchant weapon
 J - a scroll of silence {unknown}
Potions
 g - 4 potions of degeneration
 h - 3 potions of magic
 z - a potion of agility {unknown}
 A - 2 potions of might
 D - 4 potions of mutation
 F - 3 potions of heal wounds {unknown}
 I - 2 potions of ambrosia {unknown}
 O - 2 potions of cancellation {unknown}
Books
 j - a book of Battle

   Spells                             Type                      Level
   a - Infusion                       Charms                       1
   b - Shroud of Golubria             Charms/Translocation         2
   c - Song of Slaying                Charms                       2
   d - Spectral Weapon                Hexes/Charms                 3
   e - Regeneration                   Charms/Necromancy            3
Miscellaneous
 r - a fan of gales
 y - a sack of spiders
 N - a fan of gales
Comestibles
 d - 32 rations


   Skills:
 + Level 11.2(16.2) Fighting
 - Level 1.7(6.7) Throwing
 + Level 9.9(14.9) Armour
 + Level 10.3(15.3) Dodging
 + Level 8.2(13.2) Shields
 * Level 14.0(19.0) Unarmed Combat
 + Level 5.3 Spellcasting
 + Level 5.9 Hexes
 - Level 2.3 Transmutations
 - Level 10.0 Invocations


You had 12 spell levels left.
You knew the following spells:

 Your Spells              Type           Power        Failure   Level  Hunger
a - Confusing Touch       Hex            #.....       22%         1    ##.....
b - Mephitic Cloud        Conj/Pois/Air  #.......     100%        3    ####...
c - Blade Hands           Tmut           #.........   100%        5    ######.
d - Regeneration          Chrm/Necr      #.........   100%        3    ####...


Dungeon Overview and Level Annotations

Branches:
Dungeon (14/15)            Temple (1/1) D:7            Lair (6/6) D:9
  Swamp (0/4) Lair:3       Spider (0/4) Lair:2        Slime (0/5) Lair:6
    Orc (2/2) D:10            Elf (0/3) Orc:2        Vaults (0/5) D:14

Altars:
Dithmenos
Elyvilon
Fedhas
Kikubaaqudgha
Makhleb
Okawaru
Qazlal
Sif Muna
Uskayaw
Vehumet
The Shining One
Jiyva

Shops:
Orc:2 =([*

Annotations:
Lair:4 exclusion: oklob plant
Lair:6 1 runed door


Innate Abilities, Weirdness & Mutations

You have hooves in place of feet.
You are partially covered in slimy green scales. (AC +2)
You frequently emit foul miasma when damaged in melee.
You regenerate a little health from kills.
You are immune to rotting.
You have a pair of small antennae on your head.
You are agile. (Dex +2)
Scrolls take you a little longer to read.
You possess an exceptional clarity of mind.
Your natural rate of healing is unusually fast.
Your spells are a little harder to cast, but a little more powerful.
You evolve.


Message History

Something smites you!
* * * LOW HITPOINT WARNING * * *
Unknown command.
You feel better. The meliai barely misses you. You block the meliai's attack.
The meliai invokes the aid of its god against you.
Something smites you!
* * * LOW HITPOINT WARNING * * *
The meliai closely misses you. You block the meliai's attack.
The meliai completely misses you. x2
You punch the meliai!
You kill the meliai!
Okawaru accepts your kill. The meliai closely misses you.
You block the meliai's attack.
It was a potion of flight.
You feel very buoyant.
You fly up into the air.
The meliai completely misses you. You block the meliai's attack.
The meliai invokes the aid of its god against you.
Something smites you!
You die...

.......#.#.##..#......Q.#...#.##.
.......#.#.#####......Q.#...#....
.......'.#.'............#...#....
.......#.#.#.#########..#...#..#.
.......#.#.#.# #..#...+....
.......#.#.#.#########..###'#....
#........#.#..........<.......##.
#...#....#.####'########...#..##.
#......#.'.##(.)@y.....#.........
#........###########...######....
#.....#### #.......# ##...#.#..
#.....# #.##....# ###'#....
#.....### #.......# ##...'....
#.....#.####.......# #....#.##.
#...#.#.#..........# ##...#....
#..##.#.#...#####'#######...#....
# #.#...#..........##...#.#..


You could see a meliai.

Vanquished Creatures
  Agnes (D:14)
  Azrael (D:14)
  A dire elephant (Lair:6)
  The ghost of inc the Destroyer, a journeyman OpIE of Cheibriados (Lair:6)
  The ghost of Ethylacetat the Spear-Bearer, a journeyman DsMo of Hepliaklqana (D:13)
  2 vault guards (D:14)
  9 hydras
  4 two-headed ogres
  2 centaur warriors
  A catoblepas (Lair:6)
  A deep troll shaman (Lair:6)
  16 death yaks
  An orc high priest (Orc:1)
  Urug (D:14)
  Sonja (Lair:3)
  A fire crab (Lair:5)
  2 unseen horrors
  A wizard (D:14)
  2 necromancers (D:14)
  A lindwurm (Lair:4)
  A deep elf mage (D:14)
  4 orc knights
  3 cyclopes
  18 elephants
  6 black mambas
  Psyche (D:10)
  A centaur skeleton (D:12)
  4 spiny frogs
  A gargoyle (D:13)
  A rime drake (Lair:6)
  6 komodo dragons
  5 meliai (D:14)
  A tyrant leech (Lair:3)
  2 hornets
  6 jumping spiders (Lair:2)
  3 polar bears
  8 trolls
  14 blink frogs
  4 dream sheep (Lair:6)
  9 hippogriffs
  A spriggan (Lair:3)
  Sigmund (D:2)
  2 redbacks (Lair:2)
  2 shadows (D:13)
  A fire elemental (D:14)
  Eustachio (D:7)
  2 wyverns
  18 humans (D:14)
  A basilisk (Lair:2)
  The ghost of Ethylacetat the Poker, an amateur MfMo (D:3)
  40 yaks
  A steam dragon (Lair:6)
  2 hungry ghosts
  4 wargs
  A swamp worm (Lair:3)
  The ghost of dscm the Digger, an amateur OpEE (D:4)
  26 water moccasins
  4 hell hounds (D:14)
  7 porcupines
  A hornet zombie (D:11)
  3 ice beasts
  3 black bears
  2 sky beasts
  2 eyes of draining
  3 necrophages
  44 orc warriors
  21 centaurs
  14 ogres
  3 phantoms
  4 boggarts (Lair:5)
  8 crocodiles
  30 wolves
  2 big kobolds (D:9)
  10 bullfrogs
  A gnoll sergeant (D:7)
  9 scorpions
  8 killer bees
  17 wights
  3 howler monkeys
  4 electric eels
  2 centaur zombies
  6 crimson imps
  A bullfrog zombie (D:7)
  A bullfrog skeleton (D:5)
  11 orc priests
  6 hounds
  7 jellies
  24 orc wizards
  Jessica (D:2)
  6 iguanas
  4 worker ants
  A hound zombie (D:6)
  19 adders
  5 shadow imps
  An ooze (D:1)
  2 adder skeletons
  6 worms
  2 dart slugs (D:1)
  6 leopard geckos
  85 orcs
  3 ball pythons
  7 giant cockroaches
  7 goblins
  7 hobgoblins
  10 jackals
  19 kobolds
  3 quokkas
  14 bats
  7 frilled lizards
  A leopard gecko skeleton (D:4)
  A quokka skeleton (D:5)
  10 rats
741 creatures vanquished.

Vanquished Creatures (others)
  An orc (Orc:2)
  A quokka (D:4)
  A rat (D:2)
  10 fungi
  5 plants
18 creatures vanquished.

Grand Total: 759 creatures vanquished

Notes
Turn   | Place    | Note
-------+----------+-------------------------------------------
     0 | D:1      | diana the Demonspawn Gladiator began the quest for the Orb.
     0 | D:1      | Reached XP level 1. HP: 16/16 MP: 1/1
   388 | D:1      | Gained mutation: You are immune to rotting. [demonic ancestry]
   388 | D:1      | Reached XP level 2. HP: 20/22 MP: 2/2
   410 | D:1      | Reached skill level 3 in Unarmed Combat
   698 | D:1      | Gained mutation: You may emit foul miasma when damaged in melee. [demonic ancestry]
   698 | D:1      | Reached XP level 3. HP: 28/28 MP: 3/3
   898 | D:2      | Noticed Jessica
   920 | D:2      | Killed Jessica
   920 | D:2      | Reached skill level 1 in Armour
   986 | D:2      | Noticed Sigmund
  1326 | D:2      | Found a radiant altar of Vehumet.
  1466 | D:2      | Reached XP level 4. HP: 24/34 MP: 4/4
  1491 | D:2      | Killed Sigmund
  1491 | D:2      | Reached skill level 4 in Unarmed Combat
  1491 | D:2      | Gained mutation: You frequently emit foul miasma when damaged in melee. [demonic ancestry]
  1491 | D:2      | Reached XP level 5. HP: 13/41 MP: 5/5
  2473 | D:3      | Gained mutation: You are partially covered in slimy green scales. (AC +2) [demonic ancestry]
  2473 | D:3      | Reached XP level 6. HP: 15/47 MP: 6/6
  2591 | D:3      | Noticed Ethylacetat's ghost (amateur MfMo)
  3045 | D:3      | Killed Ethylacetat's ghost
  3332 | D:3      | Reached skill level 5 in Unarmed Combat
  3511 | D:3      | Found a shadowy altar of Dithmenos.
  3764 | D:4      | Reached XP level 7. HP: 53/53 MP: 7/7
  3811 | D:4      | Noticed dscm's ghost (amateur OpEE)
  3829 | D:4      | Killed dscm's ghost
  4146 | D:4      | Found a glowing golden altar of the Shining One.
  4159 | D:4      | Found a white marble altar of Elyvilon.
  4231 | D:4      | Found a stormy altar of Qazlal.
  4231 | D:4      | Found a blossoming altar of Fedhas.
  4354 | D:5      | Entered Level 5 of the Dungeon
  4799 | D:5      | Found an iron altar of Okawaru.
  4809 | D:5      | Became a worshipper of Warmaster Okawaru
  5064 | D:6      | Reached skill level 6 in Unarmed Combat
  5241 | D:6      | Noticed Eustachio
  5248 | D:6      | Gained mutation: You have a pair of small antennae on your head. [potion of mutation]
  5248 | D:6      | Gained mutation: Your spells are a little harder to cast, but a little more powerful. [potion of mutation]
  5248 | D:6      | Gained mutation: You have sharp toenails. [potion of mutation]
  5248 | D:6      | Gained mutation: You evolve. [potion of mutation]
  5251 | D:6      | Reached XP level 8. HP: 55/61 MP: 8/8
  5806 | D:7      | Found a staircase to the Ecumenical Temple.
  5834 | D:7      | Reached skill level 5 in Fighting
  6127 | D:7      | Reached * piety under Okawaru
  6162 | D:7      | Reached skill level 7 in Unarmed Combat
  7124 | Temple   | Entered the Ecumenical Temple
  7486 | D:7      | Reached skill level 5 in Dodging
  7735 | D:7      | Gained mutation: Your natural rate of healing is unusually fast. [evolution]
  7814 | D:7      | Reached XP level 9. HP: 61/69 MP: 9/9
  7817 | D:7      | Learned a level 1 spell: Confusing Touch
  7879 | D:7      | Reached skill level 1 in Invocations
  7887 | D:7      | Got a slimy amethyst amulet
  7888 | D:7      | Identified the amulet of Liclec {RegenMP Int-5 Dex+3} (You found it on level 7 of the Dungeon)
  7966 | D:7      | Reached ** piety under Okawaru
  8183 | D:7      | Reached skill level 1 in Hexes
  8354 | D:7      | Reached skill level 1 in Spellcasting
  8424 | D:7      | Killed Eustachio
  8424 | D:7      | Reached skill level 8 in Unarmed Combat
  8621 | D:8      | Found an ancient bone altar of Kikubaaqudgha.
  8826 | D:8      | Found a deep blue altar of Sif Muna.
  8826 | D:8      | Found a hide-covered altar of Uskayaw.
  8859 | D:8      | Reached *** piety under Okawaru
  8885 | D:8      | Got a warped chain mail
  8899 | D:8      | Identified the +1 chain mail of Cocytus {*Slow rF+ rN+ Stlth+} (You found it on level 8 of the Dungeon)
  9060 | D:8      | Noticed a two-headed ogre
  9080 | D:8      | Killed a two-headed ogre
  9080 | D:8      | Reached skill level 5 in Armour
  9080 | D:8      | Reached XP level 10. HP: 35/77 MP: 13/13
  9894 | D:9      | Reached **** piety under Okawaru
 10056 | D:9      | Reached skill level 9 in Unarmed Combat
 10254 | D:9      | Noticed a death yak
 10255 | D:9      | Noticed a death yak
 10256 | D:9      | Noticed a death yak
 10257 | D:9      | Found a staircase to the Lair.
 10293 | D:8      | Killed a death yak
 10293 | D:8      | Reached skill level 1 in Shields
 10467 | D:9      | Reached ***** piety under Okawaru
 10572 | D:9      | Reached skill level 5 in Invocations
 10793 | D:10     | Entered Level 10 of the Dungeon
 10890 | D:10     | Found a staircase to the Orcish Mines.
 10992 | D:10     | Noticed a two-headed ogre
 11003 | D:10     | Killed a two-headed ogre
 11132 | D:10     | Reached XP level 11. HP: 84/84 MP: 15/15
 11236 | D:10     | Received a gift from Okawaru
 11469 | D:10     | Noticed Psyche
 11481 | D:10     | Killed Psyche
 11668 | D:9      | Killed a death yak
 11668 | D:9      | Received a gift from Okawaru
 11668 | D:9      | Reached skill level 10 in Unarmed Combat
 11682 | D:9      | Killed a death yak
 12222 | D:11     | Received a gift from Okawaru
 12647 | D:11     | Killed an unseen horror
 13657 | D:12     | Killed an unseen horror
 13657 | D:12     | Lost mutation: You have sharp toenails. [demonic ancestry]
 13657 | D:12     | Gained mutation: You have large cloven feet. [demonic ancestry]
 13657 | D:12     | Reached XP level 12. HP: 89/94 MP: 17/17
 13770 | D:12     | Gained mutation: You are agile. (Dex +2) [evolution]
 14225 | D:12     | Received a gift from Okawaru
 14233 | D:12     | Got an encrusted hunting sling {god gift}
 14234 | D:12     | Identified the +6 hunting sling "Wekh" {freeze, Stlth+} (Okawaru gifted it to you on level 12 of the Dungeon)
 14262 | D:12     | Reached skill level 11 in Unarmed Combat
 14673 | D:13     | Noticed Ethylacetat's ghost (journeyman DsMo)
 14697 | D:13     | Killed Ethylacetat's ghost
 15085 | D:14     | Noticed a four-headed hydra
 15091 | D:14     | Killed a four-headed hydra
 15125 | D:14     | Noticed Agnes
 15137 | D:14     | Killed Agnes
 15137 | D:14     | Reached skill level 5 in Shields
 15163 | D:14     | Noticed a centaur warrior
 15247 | D:14     | Noticed a tengu warrior
 15247 | D:14     | Noticed a tengu warrior
 15375 | Lair:1   | Entered Level 1 of the Lair of Beasts
 15427 | Lair:1   | Reached ****** piety under Okawaru
 15453 | Lair:1   | Received a gift from Okawaru
 15499 | Lair:1   | Found a stormy altar of Qazlal.
 16156 | Lair:2   | Received a gift from Okawaru
 16417 | Lair:2   | Noticed a five-headed hydra
 16434 | Lair:2   | Killed a five-headed hydra
 16438 | Lair:2   | Gained mutation: You have hoof-like feet. [demonic ancestry]
 16438 | Lair:2   | Reached XP level 13. HP: 36/101 MP: 19/19
 16898 | Lair:2   | Found a hole to the Spider Nest.
 17357 | Lair:3   | Reached skill level 12 in Unarmed Combat
 17582 | Lair:3   | Gained mutation: Scrolls take you a little longer to read. [evolution]
 17724 | Lair:3   | Noticed Sonja
 17749 | Lair:3   | Killed Sonja
 18022 | Lair:3   | Found a staircase to the Swamp.
 18073 | Lair:3   | Learned a level 3 spell: Mephitic Cloud
 18079 | Lair:3   | Learned a level 5 spell: Blade Hands
 18587 | Lair:4   | Received a gift from Okawaru
 18707 | Lair:4   | Reached skill level 10 in Invocations
 18901 | Lair:4   | Reached skill level 10 in Fighting
 19279 | Lair:5   | Received a gift from Okawaru
 20017 | Lair:5   | Gained mutation: You regenerate a little health from kills. [demonic ancestry]
 20017 | Lair:5   | Reached XP level 14. HP: 40/110 MP: 21/21
 20300 | Lair:6   | Entered Level 6 of the Lair of Beasts
 20649 | Lair:6   | Reached skill level 13 in Unarmed Combat
 20649 | Lair:6   | Reached skill level 1 in Transmutations
 20799 | Lair:6   | Noticed inc's ghost (journeyman OpIE)
 20823 | Lair:6   | Killed inc's ghost
 20952 | Lair:6   | Found a runed door.
 20952 | Lair:6   | Found a viscous altar of Jiyva.
 20952 | Lair:6   | Found a staircase to the Slime Pits.
 20952 | Lair:6   | Noticed an acid blob
 20952 | Lair:6   | Noticed an acid blob
 21258 | Lair:6   | Received a gift from Okawaru
 21383 | Lair:6   | Found a blossoming altar of Fedhas.
 22175 | Lair:6   | Received a gift from Okawaru
 22233 | Lair:6   | Learned a level 3 spell: Regeneration
 22489 | Orc:1    | Entered Level 1 of the Orcish Mines
 22527 | Orc:1    | Reached skill level 5 in Hexes
 22607 | Orc:1    | Found a burning altar of Makhleb.
 22726 | Orc:2    | Entered Level 2 of the Orcish Mines
 22742 | Orc:1    | HP: 5/111 [cloud of flame (7)]
 23014 | Orc:2    | Reached skill level 10 in Dodging
 23168 | Orc:2    | Gained mutation: You have hooves in place of feet. [demonic ancestry]
 23168 | Orc:2    | Reached XP level 15. HP: 117/117 MP: 22/22
 23581 | Orc:2    | Found Zofoq's General Store.
 23581 | Orc:2    | Found Saru's Antique Armour Shoppe.
 23583 | Orc:2    | Found Nebefouz's Antique Weapon Emporium.
 23585 | Orc:2    | Found Diphes's Gadget Shop.
 23590 | Orc:2    | Bought a pitted chain mail for 180 gold pieces
 23600 | Orc:2    | Identified the +7 chain mail "Yprij" {rN+ Str+4} (You bought it in a shop on level 2 of the Orcish Mines)
 23637 | Orc:2    | Found Azusash's Jewellery Shoppe.
 23701 | Orc:2    | Found a staircase to the Elven Halls.
 24149 | Orc:1    | Gained mutation: You possess an exceptional clarity of mind. [evolution]
 24474 | D:14     | Noticed Urug
 24487 | D:14     | Killed Urug
 24487 | D:14     | Reached skill level 5 in Spellcasting
 24624 | D:14     | Noticed Azrael
 24648 | D:14     | Killed Azrael
 24691 | D:14     | Reached skill level 14 in Unarmed Combat
 24701 | D:14     | Received a gift from Okawaru
 24897 | D:14     | Got an ancient leather armour
 24908 | D:14     | Identified the +1 leather armour "Ulist" {Str+4} (You took it off a human on level 14 of the Dungeon)
 24921 | D:14     | Got a transparent quick blade {god gift}
 24922 | D:14     | Identified the +5 quick blade of the Revolution {pierce, rN+} (Okawaru gifted it to you on level 14 of the Dungeon)
 24953 | D:14     | Found a gate to the Vaults.
 25442 | D:14     | Killed from afar by a meliai

Skill      XL: |  1  2  3  4  5  6  7  8  9 10 11 12 13 14 15 |
---------------+----------------------------------------------+-----
Unarmed Combat | 3 4 5 6 7 8 9 10 11 12 13 14 | 14.0
Dodging        | 3 4 5 6 7 8 9 10 | 10.3
Armour         | 1 2 3 4 5 6 7 8 9 |  9.9
Fighting       | 3 4 5 6 7 8 9 10 11 | 11.2
Invocations    | 3 5 7 9 10 | 10.0
Hexes          | 2 3 5 |  5.9
Spellcasting   | 2 4 5 |  5.3
Shields        | 2 4 5 6 7 8 |  8.2
Transmutations | 2 |  2.3
Throwing       | |  1.7

Action                   |  1- 3 |  4- 6 |  7- 9 | 10-12 | 13-15 || total
-------------------------+-------+-------+-------+-------+-------++-------
Melee: Unarmed           |   126 |   205 |   544 |   942 |  1465 ||  3282
       Punch             |     2 |    10 |    21 |    34 |       ||    67
       Kick              |       |       |   148 |   351 |   742 ||  1241
Throw: Throwing net      |       |     2 |     1 |     3 |     5 ||    11
       Tomahawk          |       |       |       |    10 |     1 ||    11
Invok: Heroism           |       |       |     1 |     7 |    12 ||    20
       Finesse           |       |       |       |     2 |     4 ||     6
Evoke: Wand              |       |       |    12 |     5 |    13 ||    30
  Use: Potion            |     2 |     4 |     3 |     1 |     3 ||    13
       Scroll            |     2 |     2 |     4 |     8 |     5 ||    21
 Stab: Sleeping          |       |     3 |     2 |       |       ||     5
       Held in net/web   |       |       |     2 |     2 |     2 ||     6
       Petrified         |       |       |       |       |    16 ||    16
       Petrifying        |       |       |       |       |     3 ||     3
  Eat: Chunk             |       |     6 |    16 |    15 |    26 ||    63
       Ration            |       |     1 |     1 |     3 |     1 ||     6
Armor: Chain mail        |    51 |       |     7 |   286 |   319 ||   663
       Leather armour    |     9 |    31 |   110 |       |       ||   150
       Ring mail         |       |       |       |       |    50 ||    50
Dodge: Dodged            |    65 |   136 |   374 |   560 |   961 ||  2096
       Deflected         |       |       |       |       |    28 ||    28
Block: Shield            |       |       |       |   145 |   963 ||  1108
